 Dungeon Crawl Stone Soup version 0.28.0-43-g3370ac3207 (webtiles) character file.

Game seed: 13915658979518724094

9 Kaiern the Magician (level 2, 22/22 HPs)
             Began as a Djinni Fire Elementalist on Mar 19, 2022.
             Was an Initiate of Ashenzari.
             Quit the game on level 1 of the Dungeon.
             The game lasted 00:02:22 (252 turns).

Kaiern the Magician (Djinni Fire Elementalist)       Turns: 252, Time: 00:02:22

Health: 22/22      AC:  2    Str:  7    XL:     2   Next: 25%
Gold:   21         EV: 12    Int: 16    God:    Ashenzari [......] SH:  0 Dex: 13

rFire   + + .      SeeInvis .   c - +2 mace (protect)
rCold   x . .      Faith    .   (no shield)
rNeg    . . .      Spirit   .   a - +0 robe
rPois   ∞          Reflect  .   (no helmet)
rElec   .          Harm     .   (no cloak)
rCorr   .          Rampage  .   (no gloves)
Will    .....                   (boots unavailable)
Stlth   ++........              (no amulet)
HPRegen 0.07/turn               (no ring)
MPRegen 0.00/turn               (no ring)

@: flying
A: sickness immunity, fire resistance 2, cold vulnerability 1, float, innate
caster, HP casting, extra vitality 1
a: Renounce Religion, Curse Item


You were on level 1 of the Dungeon.
You worshipped Ashenzari.
Ashenzari was noncommittal.
You visited 1 branch of the dungeon, and saw 1 of its levels.

You collected 21 gold pieces.

Inventory:

Hand Weapons
 c - a +2 mace of protection (weapon)
Missiles
 d - 5 boomerangs
Armour
 a - a +0 robe (worn)
Magical Staves
 b - a staff of poison
Potions
 e - 2 potions of degeneration {unknown}
 f - a potion of flight {unknown}


   Skills:
 + Level 0.7 Fighting
 + Level 2.5 Dodging
 - Level 1.5 Stealth
 + Level 2.5 Spellcasting


You couldn't memorise any spells.
You knew the following spells:

 Your Spells              Type           Power      Damage    Failure   Level
a - Foxfire               Conj/Fire      40%        2x1d6     7%          1
b - Scorch                Fire           20%        2d6       11%         2
c - Conjure Flame         Conj/Fire      10%        6-21      21%         3
d - Inner Flame           Hex/Fire       10%        N/A       21%         3
e - Flame Wave            Conj/Fire      10%        2d5       56%         4
Your spell library was empty.

Dungeon Overview and Level Annotations

Branches:
Dungeon (1/15)

Altars:
Ashenzari


Innate Abilities, Weirdness & Mutations

You are immune to sickness and miasma.
You are immune to poison.
Your flesh is very heat resistant. (rF++)
You are vulnerable to cold. (rC-)
You float through the air rather than walking.
You learn spells naturally, not from books.
Your magical power is your life essence.
You have superior vitality. (+4 MHP)


Message History

The foxfire hits the rat.
The rat is moderately wounded.
The rat is engulfed in a cloud of scalding steam.
You kill the rat!
You now have 5 gold pieces (gained 1).
You see here a ball python corpse.
Found a bubbling inky potion.
You now have 6 gold pieces (gained 1).
A goblin comes into view. It is wielding a +0 dagger.
You see here a gold piece.
You see here a gold piece.
Casting: Foxfire (safe; 7% risk of failure)
Confirm with . or Enter, or press ? or * to list all spells.
You conjure some foxfire!
The foxfire hits the goblin.
You kill the goblin!
Your foxfire dissipates!
You now have 7 gold pieces (gained 1).
You now have 8 gold pieces (gained 1).
You now have 9 gold pieces (gained 1).
You now have 10 gold pieces (gained 1).
There is a faded altar of an unknown god here.
You now have 16 gold pieces (gained 6).
Things that are here:
a +1 dagger of venom; a goblin corpse
There is a faded altar of an unknown god here.
There are no items here.
You cannot tell which god this altar belongs to.
Convert to them anyway?
Ashenzari accepts your prayer! Ashenzari welcomes you!
Ashenzari warns you of distant threats and treasures.
Ashenzari reveals the structure of the dungeon to you.
Ashenzari shows you where magical portals lie.
You see here a +0 dagger of holy wrath.
You start resting.
Ashenzari invites you to partake of a vision and a curse of cunning and fortitude.
f - a bubbling inky potion
Okay, then.
You now have 21 gold pieces (gained 5).
Found a stone staircase leading down.
An endoplasm comes into view.
Are you sure you want to abandon this character and quit the game? (Confirm with "yes".)

### ## #.# .. ..## #.
...# #. # )#.# #.## ####
.. ...#
#..#######...#..J
...######.....>........#
...........#..###...#..#
.......######...@.....#
.......# ####.....##
.####### ##...## ..#####
...# ......##### ...#
#...#.....### ...#
.##.##......### ####
..........#...#
...........##.#


You could see an endoplasm (asleep).

Vanquished Creatures
  A giant cockroach (D:1)
  3 goblins (D:1)
  2 ball pythons (D:1)
  A frilled lizard (D:1)
  2 rats (D:1)
9 creatures vanquished.

Vanquished Creatures (others)
  20 foxfires (D:1)
20 creatures vanquished.

Grand Total: 29 creatures vanquished

Notes
Turn   | Place    | Note
-------+----------+-------------------------------------------
     0 | D:1      | Kaiern the Djinni Fire Elementalist began the quest for the
                  | Orb.
     0 | D:1      | Reached XP level 1. HP: 15/15 MP: 0/0
   155 | D:1      | Found a faded altar of an unknown god.
   167 | D:1      | Reached XP level 2. HP: 19/22 MP: 0/0
   197 | D:1      | Prayed at the altar of an unknown god.
   197 | D:1      | Became a worshipper of Ashenzari the Shackled
   252 | D:1      | Quit the game

Illustrated notes

Levels and vault maps discovered:
D:1:      wander_arrival_desolate, layout_rooms,
          hellmonk_ecumenical_altar_pennies_from_heaven

Action                   || total
-------------------------++-------
 Cast: Foxfire           ||    10
